 Dungeon Crawl Stone Soup version 0.27.1-3-gb3d3a73c9e (webtiles) character file.

Game seed: 10076616865081465582

203 Crownlay the Fighter (level 5, 0/76 HPs)
             Began as a Gnoll Wanderer on Oct 17, 2021.
             Was an Initiate of Hepliaklqana.
             Succumbed to a scorpion's poison
             ... on level 3 of the Dungeon.
             The game lasted 00:04:39 (3212 turns).

Crownlay the Fighter (Gnoll Wanderer)               Turns: 3212, Time: 00:04:40

Health: 0/76       AC: 11    Str: 12    XL:     5   Next: 81%
Magic:  7/7        EV:  9    Int: 12    God:    Hepliaklqana [......]
Gold:   132        SH:  0    Dex: 11    Spells: 7/7 levels left

rFire    . . .     SeeInvis .   n - +2 dagger (flame)
rCold    . . .     Faith    .   (no shield)
rNeg     . . .     Spirit   .   c - +2 scale mail
rPois    .         Reflect  .   d - +0 helmet
rElec    .         Harm     .   (no cloak)
rCorr    .         Rampage  .   (no gloves)
Will     .....                  (no boots)
Stlth    ..........             (no amulet)
HPRegen  0.22/turn              (no ring)
MPRegen  0.10/turn              (no ring)

@: berserking (expiring), lethally poisoned (0 -> -7), very quick
A: fangs 1, strong nose, distributed training
a: Renounce Religion


You were on level 3 of the Dungeon.
You worshipped Hepliaklqana.
Hepliaklqana was noncommittal.
You visited 1 branch of the dungeon, and saw 4 of its levels.

You collected 132 gold pieces.

Inventory:

Hand Weapons
 a - a +0 hand crossbow
 n - a +2 dagger of flaming (weapon)
Armour
 c - a +2 scale mail (worn)
 d - a +0 helmet (worn)
Scrolls
 f - 2 scrolls of identify {unknown}
 l - a scroll of enchant armour {unknown}
 m - a scroll of teleportation {unknown}
Potions
 b - a potion of lignification
 g - a potion of haste {unknown}
 h - 2 potions of might {unknown}
 i - a potion of mutation {unknown}
 j - a potion of berserk rage


   Skills:
 + Level 8.7 Fighting
 + Level 1.6 Short Blades
 + Level 1.6 Long Blades
 + Level 1.6 Axes
 + Level 1.6 Maces & Flails
 + Level 1.6 Polearms
 + Level 1.6 Staves
 + Level 1.6 Slings
 + Level 1.6 Bows
 + Level 3.0 Crossbows
 + Level 1.6 Throwing
 + Level 6.7 Armour
 + Level 1.6 Dodging
 + Level 4.4 Stealth
 + Level 1.6 Shields
 + Level 1.6 Unarmed Combat
 + Level 1.6 Spellcasting
 + Level 1.3 Conjurations
 + Level 1.3 Hexes
 + Level 1.3 Summonings
 + Level 1.3 Necromancy
 + Level 1.3 Translocations
 + Level 1.3 Transmutations
 + Level 1.3 Fire Magic
 + Level 1.3 Ice Magic
 + Level 1.3 Air Magic
 + Level 1.3 Earth Magic
 + Level 1.3 Poison Magic
 + Level 1.8 Invocations
 + Level 1.6 Evocations


You had 7 spell levels left.
You didn't know any spells.
Your spell library was empty.

Dungeon Overview and Level Annotations

Branches:
Dungeon (4/15)
 Temple: D:4-7

Altars:
Hepliaklqana
The Shining One

Shops:
D:2 (


Innate Abilities, Weirdness & Mutations

You have very sharp teeth.
Your uncanny sense of smell can sniff out nearby items.
Your experience applies equally to all skills.


Message History

You barely miss the scorpion.
The scorpion is heavily wounded.
You feel sick. The scorpion barely misses you. The scorpion stings you.
You are more poisoned.
The scorpion poisons you!
You hit the scorpion. You burn the scorpion.
The scorpion is almost dead.
You feel very sick.
The quokka twitches its whiskers.
The scorpion stings you.
* * * LOW HITPOINT WARNING * * *
You hit the scorpion but do no damage.
The scorpion is almost dead.
* * * LOW HITPOINT WARNING * * *
You feel sick. The scorpion stings you.
* * * LOW HITPOINT WARNING * * *
You are more poisoned.
The scorpion poisons you!
It was a potion of berserk rage.
A red film seems to cover your vision as you go berserk!
You feel yourself moving faster!
You feel mighty!
* * * LOW HITPOINT WARNING * * *
You feel very sick.
The scorpion stings you but does no damage.
You are too berserk!
You hit the scorpion but do no damage.
The scorpion is almost dead.
* * * LOW HITPOINT WARNING * * *
You feel sick. The scorpion barely misses you.
You puncture the scorpion! You burn the scorpion.
You kill the scorpion!
* * * LOW HITPOINT WARNING * * *
You feel sick.
Your Crossbows skill increases to level 3!
* * * LOW HITPOINT WARNING * * *
You feel sick.
You feel a strong urge to attack something.
* * * LOW HITPOINT WARNING * * *
You feel sick.
You die...

#.# #.......#########.### ## #.#
#####.### #.# ##. #.# #.# #.#
##.# ###.##### #.# ##+###.##
#.......# #.# ##...##.#
##.#.###.# #.### ##.....#.##
##....# #.# #.#.## ##.......#..
#...#.###.####....####.........#.
................@..r.'.........+.
........######....####..>.....<##
##.#.##.# #.#.## ##.......##
####.##.# #.### ##.....## #
#..##.# #.# ##...## # #.###.#
#.###########'## # #.# #.#
#.##.))...# #.#
###.###.######.##.####.# #.#
........##.........# #.###.##


You could see a quokka.

Vanquished Creatures
  A scorpion (D:3)
  Robin (D:2)
  2 adders
  3 gnolls (D:3)
  A worm (D:2)
  A dart slug (D:1)
  6 ball pythons
  9 endoplasms
  A giant cockroach (D:1)
  15 goblins
  8 hobgoblins
  6 jackals
  8 kobolds
  A quokka (D:2)
  3 bats
  3 frilled lizards (D:1)
  6 rats
75 creatures vanquished.

Notes
Turn   | Place    | Note
-------+----------+-------------------------------------------
     0 | D:1      | Crownlay the Gnoll Wanderer began the quest for the Orb.
     0 | D:1      | Crownlay set off with the following items: a +0 hand
                  | crossbow, a potion of lignification, a +2 scale mail, 25
                  | bolts, a +0 dagger
     0 | D:1      | Reached XP level 1. HP: 26/26 MP: 1/1
    73 | D:1      | Reached XP level 2. HP: 31/33 MP: 2/2
   432 | D:1      | Reached XP level 3. HP: 38/38 MP: 3/3
   927 | D:2      | Reached skill level 1 in Invocations
  1082 | D:2      | Reached skill level 1 in Short Blades
  1082 | D:2      | Reached skill level 1 in Long Blades
  1082 | D:2      | Reached skill level 1 in Axes
  1082 | D:2      | Reached skill level 1 in Maces & Flails
  1082 | D:2      | Reached skill level 1 in Polearms
  1082 | D:2      | Reached skill level 1 in Staves
  1082 | D:2      | Reached skill level 1 in Slings
  1082 | D:2      | Reached skill level 1 in Bows
  1082 | D:2      | Reached skill level 1 in Throwing
  1082 | D:2      | Reached skill level 1 in Dodging
  1082 | D:2      | Reached skill level 1 in Shields
  1082 | D:2      | Reached skill level 1 in Unarmed Combat
  1082 | D:2      | Reached skill level 1 in Spellcasting
  1082 | D:2      | Reached skill level 1 in Evocations
  1214 | D:2      | Found Oherchoh's Antique Weapon Shop.
  1249 | D:2      | Reached XP level 4. HP: 45/45 MP: 5/5
  1555 | D:2      | Noticed Robin
  1817 | D:2      | Killed Robin
  1818 | D:2      | Reached skill level 1 in Conjurations
  1818 | D:2      | Reached skill level 1 in Hexes
  1818 | D:2      | Reached skill level 1 in Summonings
  1818 | D:2      | Reached skill level 1 in Necromancy
  1818 | D:2      | Reached skill level 1 in Translocations
  1818 | D:2      | Reached skill level 1 in Transmutations
  1818 | D:2      | Reached skill level 1 in Fire Magic
  1818 | D:2      | Reached skill level 1 in Ice Magic
  1818 | D:2      | Reached skill level 1 in Air Magic
  1818 | D:2      | Reached skill level 1 in Earth Magic
  1818 | D:2      | Reached skill level 1 in Poison Magic
  2371 | D:3      | Reached XP level 5. HP: 35/51 MP: 5/7
  2741 | D:3      | Found a hazy altar of Hepliaklqana.
  2757 | D:3      | Became a worshipper of Hepliaklqana the Forgotten
  3044 | D:3      | Found a faded altar of an unknown god.
  3160 | D:4      | Found a glowing golden altar of the Shining One.
  3210 | D:3      | HP: 2/76 [poisoned by a scorpion]
  3212 | D:3      | Succumbed to a scorpion's poison

Illustrated notes

Levels and vault maps discovered:
D:1:      shiori_arrival_oz, layout_basic
D:2:      layout_basic, serial_shops, nicolae_lakefront_shop,
          kennysheep_cross_room, uniq_robin
D:3:      layout_loops_corners, mainiacjoe_overflow_small_starburst,
          chequers_ecumenical_altar_twisty
D:4:      layout_rooms, mainiacjoe_overflow_tiny_flanked,
          mainiacjoe_overflow_large_starburst

Skill      XL: |  1  2  3  4  5 |
---------------+----------------+-----
Invocations    | 1 |  1.8
Short Blades   | 1 |  1.6
Long Blades    | 1 |  1.6
Axes           | 1 |  1.6
Maces & Flails | 1 |  1.6
Polearms       | 1 |  1.6
Staves         | 1 |  1.6
Slings         | 1 |  1.6
Bows           | 1 |  1.6
Throwing       | 1 |  1.6
Dodging        | 1 |  1.6
Shields        | 1 |  1.6
Unarmed Combat | 1 |  1.6
Spellcasting   | 1 |  1.6
Evocations     | 1 |  1.6
Conjurations   | 1 |  1.3
Hexes          | 1 |  1.3
Summonings     | 1 |  1.3
Necromancy     | 1 |  1.3
Translocations | 1 |  1.3
Transmutations | 1 |  1.3
Fire Magic     | 1 |  1.3
Ice Magic      | 1 |  1.3
Air Magic      | 1 |  1.3
Earth Magic    | 1 |  1.3
Poison Magic   | 1 |  1.3
Crossbows      | 3 |  3.0
Fighting       | |  8.7
Armour         | |  6.7
Stealth        | |  4.4

Action                   |  1- 3 |  4- 6 || total
-------------------------+-------+-------++-------
Melee: Dagger            |       |   133 ||   133
       Bite              |       |    10 ||    10
 Fire: Hand crossbow     |    95 |    54 ||   149
  Use: Potion            |       |     1 ||     1
Armor: Scale mail        |    23 |    73 ||    96
Dodge: Dodged            |    25 |    69 ||    94
